 Dungeon Crawl Stone Soup version 0.27.0-1-g7a089689b8 (webtiles) character file.

Game seed: 11214533184322347613

742 tilp the Ducker (level 7, -7/37 HPs)
             Began as a Spriggan Fire Elementalist on July 31, 2021.
             Was an Initiate of Makhleb.
             Mangled by a hornet zombie (12 damage)
             ... on level 7 of the Dungeon.
             The game lasted 00:14:36 (7252 turns).

tilp the Ducker (Spriggan Fire Elementalist)        Turns: 7252, Time: 00:14:37

Health: -7/37      AC:  2    Str:  4    XL:     7   Next: 47%
Magic:  3/13       EV: 20    Int: 24    God:    Makhleb [......]
Gold:   240        SH:  5    Dex: 16    Spells: 9/13 levels left

rFire    . . .     SeeInvis +   a - +5 quick blade
rCold    . . .     Faith    .   (shield restricted)
rNeg     . . .     Spirit   .   d - +0 robe
rPois    .         Reflect  +   (helmet restricted)
rElec    .         Harm     .   (no cloak)
rCorr    .         Rampage  .   (gloves unavailable)
Will     ++...                  (boots unavailable)
Stlth    +++.......             f - amulet of reflection
HPRegen  0.12/turn              e - ring of willpower
MPRegen  0.13/turn              s - +6 ring of intelligence

@: very slightly contaminated, very quick
A: very small, no large weapons, unfitting armour, see invisible, speed 3
a: Renounce Religion


You were on level 7 of the Dungeon.
You worshipped Makhleb.
Makhleb was noncommittal.
You visited 1 branch of the dungeon, and saw 9 of its levels.

You collected 240 gold pieces.

Inventory:

Hand Weapons
 a - a +5 quick blade (weapon)
 b - a +1 dagger of draining
Missiles
 h - 103 arrows
 i - 92 bolts
 j - 18 sling bullets
 p - 65 stones
 w - 29 poisoned darts (quivered)
Armour
 d - a +0 robe (worn)
 x - a +0 buckler
Jewellery
 e - a ring of willpower (left hand)
 f - an amulet of reflection (around neck)
 r - an amulet of the acrobat
 s - a +6 ring of intelligence (right hand)
 y - an amulet of regeneration
Scrolls
 g - a scroll of fog
 l - a scroll of fear
 n - 4 scrolls of identify
Potions
 c - a potion of might
 k - a potion of haste {unknown}
 t - a potion of ambrosia
 u - a potion of heal wounds


   Skills:
 - Level 4.0 Fighting
 - Level 6.0 Dodging
 - Level 4.0 Stealth
 + Level 3.5 Spellcasting
 - Level 0.6 Conjurations
 + Level 2.9 Fire Magic
 + Level 2.5 Ice Magic
 + Level 1.6 Invocations


You had 9 spell levels left.
You knew the following spells:

 Your Spells              Type           Power      Damage    Failure   Level
a - Foxfire               Conj/Fire      48%        2x1d6     4%          1
b - Ozocubu's Armour      Ice            16%        N/A       11%         3

Your spell library contained the following spells:

 Spells                   Type           Power      Damage    Failure   Level
 Pain                     Necr           16%        1d4       11%         1
 Conjure Flame            Conj/Fire      12%        6-21      16%         3
 Inner Flame              Hex/Fire       11%        N/A       17%         3
 Sticky Flame             Conj/Fire      12%        2d4       45%         4
 Fireball                 Conj/Fire      6%         3d5       80%         5
 Metabolic Englaciation   Hex/Ice        5%         N/A       86%         5
 Agony                    Necr           4%         N/A       96%         5
 Excruciating Wounds      Necr           2%         N/A       96%         5
 Simulacrum               Ice/Necr       5%         N/A       100%        6


Dungeon Overview and Level Annotations

Branches:
Dungeon (9/15)
 Temple: D:4-7         Lair: D:8-11         Orc: D:9-12

Altars:
Dithmenos
Makhleb
Trog
Uskayaw

Annotations:
D:4 Edmund


Innate Abilities, Weirdness & Mutations

You are very small and have problems with some larger weapons.
You are too small for most types of armour.
You have supernaturally acute eyesight. (SInv)
You cover ground extremely quickly. (Speed+++)


Message History

The hornet zombie completely misses you.
You barely miss the hornet zombie.
The hornet zombie is heavily damaged.
The foxfire hits the hornet zombie.
The hornet zombie is heavily damaged.
The foxfire hits the hornet zombie.
The hornet zombie is heavily damaged.
The hornet zombie closely misses you.
Casting: Foxfire (safe; 4% risk of failure)
Confirm with . or Enter, or press ? or * to list all spells.
You conjure some foxfire!
A howler monkey comes into view.
The hornet zombie completely misses you.
You hit the hornet zombie.
The hornet zombie is severely damaged.
The foxfire hits the hornet zombie.
The hornet zombie is severely damaged.
The foxfire hits the hornet zombie.
The hornet zombie is almost destroyed.
The hornet zombie closely misses you.
Casting: Foxfire (safe; 4% risk of failure)
Confirm with . or Enter, or press ? or * to list all spells.
You conjure some foxfire!
The hornet zombie hits you!
* * * LOW HITPOINT WARNING * * *
You hit the hornet zombie.
The hornet zombie is almost destroyed.
The foxfire hits the hornet zombie but does no damage.
The hornet zombie is almost destroyed.
The foxfire hits the hornet zombie.
The hornet zombie is almost destroyed.
You block the hornet zombie's attack.
You barely miss the hornet zombie.
The hornet zombie is almost destroyed.
The hornet zombie barely misses you.
Casting: Foxfire (safe; 4% risk of failure)
Confirm with . or Enter, or press ? or * to list all spells.
You conjure some foxfire!
The howler monkey hoots and howls with incredible vigour!
The hornet zombie hits you!
You die...

.................
.............$....#
....................
...................
............#.#.#
#..............
##.........#.#
#......Z@v...#
##.......v.#.+
#.$...##.....#
##..#..#..h#.# #.
#.......... #.
.......#.#.# ..
..........#.. .#
..............
.............


You could see a howler monkey (catching breath) and a hornet zombie (ally
target).

Vanquished Creatures
  An ogre (D:4)
  2 bullfrogs
  2 scorpions
  A howler monkey (D:5)
  3 hounds
  3 jellies
  2 hound skeletons
  Robin (D:3)
  4 gnolls
  4 adders
  A white imp (D:5)
  2 dart slugs
  4 orcs (D:5)
  7 bats
  3 endoplasms
  3 giant cockroaches (D:1)
  10 hobgoblins
  4 jackals (D:2)
  A quokka (D:4)
  6 ball pythons
  5 frilled lizards
  16 goblins
  A kobold (D:1)
  4 rats
90 creatures vanquished.

Vanquished Creatures (others)
  240 foxfires
240 creatures vanquished.

Grand Total: 330 creatures vanquished

Notes
Turn   | Place    | Note
-------+----------+-------------------------------------------
     0 | D:1      | tilp the Spriggan Fire Elementalist began the quest for the
                  | Orb.
     0 | D:1      | Reached XP level 1. HP: 9/9 MP: 5/5
    29 | D:1      | Reached skill level 3 in Dodging
   368 | D:1      | Reached XP level 2. HP: 13/13 MP: 3/6
   490 | D:1      | Reached skill level 4 in Dodging
   697 | D:1      | Reached skill level 1 in Fighting
  1145 | D:1      | Found a faded altar of an unknown god.
  1214 | D:1      | Reached XP level 3. HP: 18/18 MP: 5/8
  2543 | D:2      | Reached XP level 4. HP: 23/23 MP: 7/9
  2687 | D:3      | Learned a level 3 spell: Ozocubu's Armour
  3444 | D:4      | Noticed Robin
  3778 | D:3      | Reached skill level 1 in Ice Magic
  4052 | D:3      | Killed Robin
  4053 | D:3      | Reached XP level 5. HP: 22/26 MP: 6/10
  4604 | D:4      | Noticed Edmund
  4606 | D:4      | Reached skill level 5 in Dodging
  4784 | D:4      | Reached skill level 6 in Dodging
  4784 | D:4      | Reached XP level 6. HP: 18/32 MP: 4/11
  5103 | D:4      | Found a burning altar of Makhleb.
  5160 | D:4      | Became a worshipper of Makhleb the Destroyer
  6164 | D:5      | Entered Level 5 of the Dungeon
  6394 | D:5      | Reached XP level 7. HP: 37/37 MP: 8/12
  6570 | D:5      | Reached skill level 1 in Invocations
  6758 | D:5      | Found a hide-covered altar of Uskayaw.
  6760 | D:5      | Found a shadowy altar of Dithmenos.
  6897 | D:5      | Found a bloodstained altar of Trog.
  7097 | D:5      | Identified a scroll of acquirement
  7097 | D:5      | Acquired a +3 quick blade
  7131 | D:6      | You fall into a shaft and drop 3 floors!
  7252 | D:7      | Mangled by a hornet zombie

Illustrated notes

Levels and vault maps discovered:
D:1:      minmay_arrival_jagged, layout_basic, shapermc_ecumenical_altar_ellora
D:2:      layout_loops_ring, minivault_19
D:3:      layout_basic
D:4:      layout_basic, kennysheep_mini_moat, minmay_fountain_box,
          minmay_small_thing, uniq_edmund, uniq_robin
D:5:      layout_cave_pods, nicolae_overflow_hidden_temple
D:6:      layout_loops_ring, uniq_sigmund
D:7:      layout_cave_pools, minmay_temple_entry_slanted,
          hellmonk_ghost_happy_afterlife, minmay_misc_feat_doors
D:8:      layout_cave_pools, corner_web_ring, uniq_harold
D:9:      layout_roguey, grunt_gozag_breadcrumbs,
          minmay_overflow_temple_star_quad, erik_lair_orcish_takeover,
          kennysheep_generic_room_6

Skill      XL: |  1  2  3  4  5  6  7 |
---------------+----------------------+-----
Dodging        | 3 4 6 |  6.0
Fighting       | 1 2 4 |  4.0
Stealth        | 4 |  4.0
Ice Magic      | 2 |  2.5
Spellcasting   | 3 |  3.5
Invocations    | 1 |  1.6
Conjurations   | |  0.6
Fire Magic     | |  2.9

Action                   |  1- 3 |  4- 6 |  7- 9 || total
-------------------------+-------+-------+-------++-------
Melee: Dagger            |    54 |   120 |     6 ||   180
       Quick blade       |       |       |    12 ||    12
 Cast: Foxfire           |    57 |    66 |    25 ||   148
       Ozocubu's Armour  |       |     1 |       ||     1
  Use: Scroll            |     4 |     5 |     6 ||    15
 Stab: Sleeping          |     6 |     2 |     2 ||    10
Armor: Robe              |     6 |     5 |     1 ||    12
Dodge: Dodged            |    58 |    91 |    20 ||   169
Block: Other             |     4 |    34 |     7 ||    45
